 Dungeon Crawl Stone Soup version 0.22.1-2-g9c5b331 (webtiles) character file.

177 diana the Shooter (level 5, -3/41 HPs)
             Began as a Centaur Arcane Marksman on Dec 27, 2018.
             Splashed by Ijyb's acid (9 damage)
             ... on level 3 of the Dungeon.
             The game lasted 00:02:58 (2695 turns).

diana the Shooter (Centaur Arcane Marksman)         Turns: 2695, Time: 00:02:58

Health: -3/41      AC:  0    Str: 12    XL:     5   Next: 30%
Magic:  7/7        EV: 10    Int: 12    God:
Gold:   185        SH:  0    Dex: 11    Spells: 4/7 levels left

rFire    . . .     SeeInvis .   a - +0 shortbow
rCold    . . .     Gourm    .   (shield currently unavailable)
rNeg     . . .     Faith    .   e - +0 robe
rPois    .         Spirit   .   (no helmet)
rElec    .         Reflect  .   (no cloak)
rCorr    .         Harm     .   (no gloves)
MR       .....                  (no barding)
Stlth    +.........             (no amulet)
HPRegen  0.13/turn              (no ring)
MPRegen  0.10/turn              (no ring)

@: corroded, very quick
A: large, hooves 3, deformed body, speed 2, tough skin 3
a: no special abilities


You were on level 3 of the Dungeon.
You were hungry.

You visited 1 branch of the dungeon, and saw 3 of its levels.

You collected 185 gold pieces.

Inventory:

Hand Weapons
 a - a +0 shortbow (weapon)
Missiles
 d - 31 arrows (quivered)
Armour
 e - a +0 robe (worn)
 h - a +0 helmet
Jewellery
 o - an uncursed ring of see invisible {unknown}
Scrolls
 c - 5 scrolls of identify {unknown}
 j - a scroll of fear {unknown}
 k - 7 scrolls of remove curse {unknown}
 l - a scroll of fog {unknown}
 m - a scroll of teleportation {unknown}
 n - a scroll of magic mapping {unknown}
 p - a scroll of enchant weapon {unknown}
 q - a scroll of blinking {unknown}
Potions
 b - a potion of berserk rage {unknown}
 g - 2 potions of curing
 i - a potion of ambrosia {unknown}
 r - a potion of brilliance {unknown}
 s - a potion of degeneration {unknown}
Comestibles
 f - 9 rations


   Skills:
 + Level 2.2 Fighting
 * Level 4.9 Bows
 + Level 2.1 Dodging
 + Level 1.7 Spellcasting
 + Level 3.2 Hexes


You had 4 spell levels left.
You knew the following spells:

 Your Spells              Type           Power        Failure   Level  Hunger
a - Corona                Hex            #......      8%          1    ##.....
b - Slow                  Hex            #.......     11%         2    ###....

Your spell library contained the following spells:

 Spells                   Type           Power        Failure   Level  Hunger
 Magic Dart               Conj           #...         28%         1    ##.....
 Blink                    Tloc           N/A          38%         2    ###....
 Call Imp                 Summ           #.......     38%         2    ###....
 Inner Flame              Hex/Fire       #.......     41%         3    ####...
 Portal Projectile        Hex/Tloc       #.....       41%         3    ####...
 Cause Fear               Hex            #.........   58%         4    #####..
 Conjure Flame            Conj/Fire      #.......     63%         3    ####...
 Mephitic Cloud           Conj/Pois/Air  #.......     63%         3    ####...
 Leda's Liquefaction      Hex/Erth       #.........   82%         4    #####..


Dungeon Overview and Level Annotations

Branches:
Dungeon (3/15)

Altars:
Nemelex Xobeh
Xom
Zin
The Shining One

Annotations:
D:3 Ijyb


Innate Abilities, Weirdness & Mutations

You have hooves in place of feet.
Armour fits poorly on your strangely shaped body.
You cover ground very quickly.
You have extremely tough skin. (AC +3)


Message History

Okay, then.
Firing (i - inventory)
d - 34 arrows (quivered)
Press: ? - help, Shift-Dir - straight line, f/p - Ijyb
Aim: Ijyb, wielding a dagger, wearing a leather armour and carrying a wand of You shoot an arrow.
The arrow closely misses Ijyb.
Ijyb hits you with a dagger.
Ijyb screams, "Me very upset!"
Ijyb barely misses you.
Firing (i - inventory)
d - 33 arrows (quivered)
Press: ? - help, Shift-Dir - straight line, f/p - Ijyb
Aim: Ijyb, wielding a dagger, wearing a leather armour and carrying a wand of You shoot an arrow.
The arrow closely misses Ijyb.
Ijyb hits you with a dagger.
Firing (i - inventory)
d - 32 arrows (quivered)
Press: ? - help, Shift-Dir - straight line, f/p - Ijyb
Aim: Ijyb, wielding a dagger, wearing a leather armour and carrying a wand of You shoot an arrow.
The arrow hits Ijyb but does no damage.
Ijyb is moderately wounded.
Ijyb zaps a wand.
The bolt of acid hits you!
* * * LOW HITPOINT WARNING * * *
The acid corrodes you!
You are splashed with acid!
The acid burns!
You die...

#≈≈..##'##.....# ##
#≈≈..#...#.....#
#≈≈..#...#...†.#
#≈≈..#...#.†)..#
#≈≈..##'##.....##+##
#≈≈...#.(......)...#
.≈≈...#............#
#≈≈...##########...#
#≈≈#### #@..# #≈≈#
..(.(.g...# #≈≈
((...('...# ###
###########


You could see Ijyb.

Vanquished Creatures
  An orc priest (D:3)
  An orc wizard (D:2)
  3 gnolls (D:2)
  An adder (D:3)
  A worm (D:3)
  A dart slug (D:3)
  2 leopard geckos (D:3)
  6 orcs
  2 giant cockroaches
  11 goblins
  4 hobgoblins
  6 jackals
  7 kobolds
  5 bats
  3 frilled lizards
  A quokka skeleton (D:3)
  11 rats
66 creatures vanquished.

Notes
Turn   | Place    | Note
-------+----------+-------------------------------------------
     0 | D:1      | diana the Centaur Arcane Marksman began the quest for the
                  | Orb.
     0 | D:1      | Reached XP level 1. HP: 16/16 MP: 2/2
   123 | D:1      | Reached skill level 3 in Bows
   342 | D:1      | Reached XP level 2. HP: 23/23 MP: 3/3
   778 | D:2      | Found a glowing golden altar of the Shining One.
   956 | D:2      | Reached XP level 3. HP: 28/28 MP: 4/4
   968 | D:2      | Learned a level 2 spell: Slow
  1018 | D:2      | Reached skill level 4 in Bows
  1018 | D:2      | Reached XP level 4. HP: 7/36 MP: 6/6
  1558 | D:3      | Reached XP level 5. HP: 34/41 MP: 7/7
  1577 | D:3      | Found a sparkling altar of Nemelex Xobeh.
  2292 | D:3      | Found a shimmering altar of Xom.
  2433 | D:3      | Found a glowing silver altar of Zin.
  2682 | D:3      | Noticed Ijyb
  2695 | D:3      | Splashed by Ijyb's acid

Skill      XL: |  1  2  3  4 |
---------------+-------------+-----
Bows           | 3 4 |  4.9
Hexes          | 3 |  3.2
Fighting       | 2 |  2.2
Dodging        | 2 |  2.1
Spellcasting   | |  1.7

Action                   |  1- 3 |  4- 6 || total
-------------------------+-------+-------++-------
 Fire: Shortbow          |   111 |   137 ||   248
  Use: Potion            |       |     2 ||     2
  Eat: Chunk             |       |     3 ||     3
Armor: Robe              |    20 |    22 ||    42
Dodge: Dodged            |    39 |    45 ||    84
